 Dungeon Crawl Stone Soup version 0.29-a0-322-g68df515428 (webtiles) character file.

Game seed: 12777074039643119059

1315 snetch the Magician (level 8, -3/52 HPs)
             Began as a Djinni Fire Elementalist on Apr 6, 2022.
             Slain by Pikel
             ... wielding a +1 whip of flaming
              (5 damage)
             ... on level 5 of the Dungeon.
             The game lasted 00:22:43 (6463 turns).

snetch the Magician (Djinni Fire Elementalist)      Turns: 6463, Time: 00:22:43

Health: -3/52      AC: 10    Str:  7    XL:     8   Next: 89%
Gold:   167        EV: 10    Int: 20    God:
                   SH:  0    Dex: 13

rFire   + + .      SeeInvis .   a - +3 spear (vorpal)
rCold   . . .      Faith    +   (no shield)
rNeg    . . .      Spirit   .   U - +0 ring mail
rPois   ∞          Reflect  .   C - +0 helmet
rElec   .          Harm     .   k - +1 cloak
rCorr   .          Rampage  .   n - +0 pair of gloves
Will    .....                   (boots unavailable)
Stlth   ++........              i - amulet of faith
HPRegen 0.17/turn               y - ring of protection from cold
MPRegen 0.00/turn               (no ring)

@: flying
A: sickness immunity, fire resistance 2, cold vulnerability 1, float, innate
caster, HP casting, extra vitality 1
a: no special abilities


You were on level 5 of the Dungeon.
You visited 1 branch of the dungeon, and saw 6 of its levels.
You also visited: Ossuary.

You collected 337 gold pieces.
You spent 170 gold pieces at shops.

Inventory:

Hand Weapons
 a - a +3 vorpal spear (weapon)
 b - a +2 vorpal hand axe
 c - a +0 short sword of protection
 r - a +2 hunting sling of freezing
 R - a +0 dagger of freezing
 S - a +0 flail of holy wrath
 T - a +0 war axe
Missiles
 z - 3 poisoned darts
 I - 2 throwing nets
 W - 146 stones
Armour
 k - a +1 cloak (worn)
 n - a +0 pair of gloves (worn)
 x - a +0 scale mail
 C - a +0 helmet (worn)
 U - a +0 ring mail (worn)
Magical Staves
 j - a staff of air
Jewellery
 i - an amulet of faith (around neck)
 y - a ring of protection from cold (left hand)
 D - a +6 ring of dexterity
Wands
 M - a wand of digging (4)
 V - a wand of polymorph (6)
Scrolls
 d - 3 scrolls of magic mapping {unknown}
 f - 2 scrolls of brand weapon {unknown}
 l - 2 scrolls of enchant armour {unknown}
 m - 2 scrolls of immolation {unknown}
 o - 6 scrolls of identify {unknown}
 p - 3 scrolls of fear {unknown}
 s - 4 scrolls of enchant weapon {unknown}
 u - a scroll of blinking
 v - a scroll of noise
 F - 4 scrolls of fog
 G - a scroll of silence {unknown}
 H - 2 scrolls of summoning {unknown}
 J - a scroll of vulnerability {unknown}
 P - a scroll of acquirement {unknown}
 Q - 7 scrolls of teleportation
Potions
 e - a potion of flight {unknown}
 g - 5 potions of curing {unknown}
 h - 2 potions of lignification {unknown}
 q - 3 potions of mutation {unknown}
 w - 3 potions of resistance
 A - 2 potions of haste {unknown}
 B - a potion of attraction {unknown}
 K - 2 potions of heal wounds {unknown}
 L - a potion of ambrosia {unknown}
 O - a potion of degeneration {unknown}


   Skills:
 + Level 1.1 Fighting
 + Level 3.3 Armour
 + Level 4.0 Dodging
 + Level 3.2 Stealth
 + Level 6.8 Spellcasting


You had one spell level left.
You knew the following spells:

 Your Spells              Type           Power      Damage    Failure   Level
a - Foxfire               Conj/Fire      100%       2x1d9     1%          1
b - Scorch                Fire           68%        2d8       2%          2
c - Conjure Flame         Conj/Fire      34%        6-21      5%          3
d - Inner Flame           Hex/Fire       34%        N/A       5%          3
e - Flame Wave            Conj/Fire      34%        2d8       19%         4
f - Animate Skeleton      Necr           68%        N/A       1%          1
g - Corpse Rot            Necr/Air       68%        N/A       2%          2
h - Call Canine Familiar  Summ           34%        N/A       5%          3
Your spell library was empty.

Dungeon Overview and Level Annotations

Branches:
Dungeon (6/15)             Temple (0/1) D:5         Ossuary (visited)

Altars:

Shops:
D:3 ?   D:4 ?   D:5 =

Annotations:
D:3 2 transporters, quinnr's ghost, amateur TeAE
D:5 Pikel


Innate Abilities, Weirdness & Mutations

You are immune to sickness and miasma.
You are immune to poison.
Your flesh is very heat resistant. (rF++)
You are vulnerable to cold. (rC-)
You float through the air rather than walking.
You learn spells naturally, not from books.
Your magical power is your life essence.
You have superior vitality. (+4 MHP)


Message History

Pikel is moderately wounded.
Your hound bites Pikel but does no damage.
Pikel hits your hound with a +1 whip of flaming.
Pikel burns your hound.
Reach: a) +3 spear (vorpal)
Press: ? - help, Dir - move target, f - Pikel
Aim: Pikel, wielding a +1 whip of flaming and wearing a +0 robe (moderately wounded, ally target, about 44% to evade your +3 vorpal spear)
You reach to attack!
You closely miss Pikel.
Pikel is moderately wounded.
Your hound misses Pikel. The lemure closely misses your hound.
Your hound barely misses Pikel.
Pikel hits your hound with a +1 whip of flaming.
Pikel burns your hound.
Reach: a) +3 spear (vorpal)
Press: ? - help, Dir - move target, f/p - Pikel
Aim: Pikel, wielding a +1 whip of flaming and wearing a +0 robe (moderately wounded, ally target, about 44% to evade your +3 vorpal spear)
You reach to attack!
You barely miss Pikel.
Pikel is moderately wounded.
Your hound misses Pikel. The lemure hits your hound!
Your hound dies!
Your hound's corpse disappears in a puff of smoke!
Pikel attacks as you move away!
Pikel hits you with a +1 whip of flaming!
* * * LOW HITPOINT WARNING * * *
Casting: Foxfire (safe; 1% risk of failure)
Confirm with . or Enter, or press ? or * to list all spells.
* * * LOW HITPOINT WARNING * * *
Pikel hits you with a +1 whip of flaming.
* * * LOW HITPOINT WARNING * * *
The lemure attacks as you move away! The lemure barely misses you.
The lemure closely misses your wolf.
Your wolf closely misses Pikel.
Your wolf bites Pikel.
The lemure closely misses your wolf.
Your wolf bites Pikel!
Your wolf bites Pikel but does no damage.
The lemure hits your wolf!
Your wolf bites Pikel but does no damage.
Pikel attacks as you move away!
Pikel hits you with a +1 whip of flaming.
You die...

.......>................+....
####...........##...#...#....
#............'...+........ #.
#...#.......##...#...#...# #.
#...#....#####...#...#...# #.
#........# #...#...#...# #5
#........#####...#...#.... #5
#....5.hK........#####.... #.
###....##@.......#####....
#.####...55.##.................
#...........##.................
#####.......#..................
#.##....#..................
#.##....#...............##'
#.......................##.
######.#.#..............)#.
##.#.#'#'#.#'#'#'#.#..


You could see Pikel (ally target), a lemure and a friendly wolf (summoned).

Vanquished Creatures
  Sigmund (D:5)
  A steam dragon (D:6)
  A water moccasin (D:5)
  An ice beast (D:5)
  A lemure (D:5)
  A phantom (D:3)
  A bullfrog (D:5)
  3 scorpions
  2 howler monkeys
  Terence (D:3)
  2 iguanas
  An orc wizard (D:5)
  4 mummies
  Robin (D:3)
  4 adders
  7 gnolls
  A white imp (D:6)
  2 ufetubi
  2 adder zombies (Ossuary)
  6 worms
  3 dart slugs
  4 orcs (D:5)
  5 ball pythons
  3 endoplasms
  7 giant cockroaches
  9 goblins
  9 hobgoblins
  6 jackals
  6 kobolds
  3 quokkas (D:1)
  5 bats
  A frilled lizard (D:2)
  2 goblin zombies (Ossuary)
  2 hobgoblin zombies
  A kobold zombie (D:4)
  An orc zombie (Ossuary)
  4 rats (D:1)
  3 rat zombies (Ossuary)
117 creatures vanquished.

Vanquished Creatures (collateral kills)
  A hound (D:5)
  An adder zombie (Ossuary)
  A hobgoblin (D:3)
  3 goblins (D:3)
  3 hobgoblin zombies (Ossuary)
  A kobold zombie (Ossuary)
  3 quokka zombies (Ossuary)
  A rat zombie (Ossuary)
  3 foxfires
17 creatures vanquished.

Vanquished Creatures (others)
  136 foxfires
  A plant (D:3)
137 creatures vanquished.

Grand Total: 271 creatures vanquished

Notes
Turn   | Place    | Note
-------+----------+-------------------------------------------
     0 | D:1      | snetch the Djinni Fire Elementalist began the quest for the
                  | Orb.
     0 | D:1      | Reached XP level 1. HP: 15/15 MP: 0/0
   254 | D:1      | Reached XP level 2. HP: 21/21 MP: 0/0
   622 | D:1      | Reached skill level 3 in Spellcasting
   771 | D:1      | Reached XP level 3. HP: 24/25 MP: 0/0
   771 | D:1      | Learned a level 1 spell: Animate Skeleton
  1930 | D:2      | Reached XP level 4. HP: 27/31 MP: 0/0
  2209 | D:3      | Noticed Terence
  2339 | D:3      | Found Kunoper's Magic Scroll Shop.
  2374 | D:3      | Bought a scroll of teleportation for 30 gold pieces
  2374 | D:3      | Bought a scroll of blinking for 75 gold pieces
  2374 | D:3      | Bought a scroll of noise for 10 gold pieces
  2505 | D:3      | Noticed a sky beast
  2506 | D:3      | Noticed quinnr's ghost (amateur TeAE)
  2518 | D:3      | Found a transporter.
  2522 | D:3      | Found a transporter.
  2535 | D:3      | Reached XP level 5. HP: 20/35 MP: 0/0
  2535 | D:3      | Learned a level 2 spell: Corpse Rot
  2549 | D:3      | Noticed a phantom
  2557 | D:3      | Killed a phantom
  2558 | D:3      | Reached skill level 4 in Spellcasting
  2566 | D:3      | Killed Terence
  2567 | D:3      | Reached XP level 6. HP: 6/40 MP: 0/0
  3549 | D:4      | Found Vutuar's Magic Scroll Boutique.
  3564 | D:4      | Reached skill level 1 in Armour
  3594 | D:4      | Bought a scroll of teleportation for 33 gold pieces
  3594 | D:4      | Bought a scroll of fog for 22 gold pieces
  3639 | D:4      | Found a sand-covered staircase.
  3648 | D:4      | Reached skill level 5 in Spellcasting
  3672 | Ossuary  | Entered an ossuary
  3680 | Ossuary  | Reached XP level 7. HP: 16/45 MP: 0/0
  3680 | Ossuary  | Learned a level 3 spell: Call Canine Familiar
  4333 | D:3      | Noticed Robin
  4350 | D:3      | Killed Robin
  4788 | D:5      | Entered Level 5 of the Dungeon
  4823 | D:5      | Reached skill level 1 in Fighting
  5295 | D:5      | Found Virhimpo's Jewellery Shop.
  5404 | D:6      | Noticed a water moccasin
  5412 | D:5      | Killed a water moccasin
  5413 | D:5      | Reached XP level 8. HP: 37/52 MP: 0/0
  5544 | D:6      | Reached skill level 6 in Spellcasting
  5667 | D:5      | Noticed Sigmund
  5670 | D:5      | Killed Sigmund
  5795 | D:5      | Found a staircase to the Ecumenical Temple.
  6431 | D:5      | Noticed Pikel
  6456 | D:5      | HP: 1/52 [Pikel/+1 whip of flaming (3)]
  6463 | D:5      | Slain by Pikel

Illustrated notes

Levels and vault maps discovered:
D:1:      dpeg_arrival_prison, layout_loops_ring, minmay_heptomino_o4
D:2:      layout_loops_ring, chequers_serial_rivers_large_a,
          serial_park_tiny_pond
D:3:      layout_loops_cross, serial_shops, nicolae_shop_advertising_works
          [nicolae_subvault_shop_adworks], gammafunk_ghost_arena,
          kennysheep_cluttered_room, nicolae_grassy_gnolls, uniq_terence,
          uniq_robin
D:4:      layout_layer_cave, nicolae_ossuary_entry_giza, serial_shops, shop
D:5:      layout_basic, minmay_temple_entry_nine_rooms, serial_shops,
          nicolae_shop_hallway_stairs, uniq_pikel, uniq_sigmund
D:6:      layout_basic, mainiacjoe_overflow_catwalk, amethyst_killhole

Skill      XL: |  1  2  3  4  5  6  7  8 |
---------------+-------------------------+-----
Spellcasting   | 3 4 5 6 |  6.8
Armour         | 1 2 3 |  3.3
Stealth        | 2 3 |  3.2
Dodging        | 3 4 |  4.0
Fighting       | 1 |  1.1

Action                   |  1- 3 |  4- 6 |  7- 9 || total
-------------------------+-------+-------+-------++-------
Melee: Short sword       |    29 |       |     3 ||    32
       Rapier            |       |    24 |       ||    24
       Falchion          |       |    25 |    50 ||    75
       Spear             |       |       |    25 ||    25
       Punch             |       |       |     1 ||     1
 Cast: Foxfire           |    32 |    19 |    25 ||    76
       Scorch            |    11 |    30 |    45 ||    86
       Animate Skeleton  |     7 |       |       ||     7
       Call Canine Famil |       |       |     9 ||     9
 Stab: Sleeping          |     2 |     3 |     1 ||     6
       Distracted        |       |       |     1 ||     1
Armor: Robe              |     7 |       |       ||     7
       Leather armour    |       |    20 |    34 ||    54
       Ring mail         |       |       |     3 ||     3
Dodge: Dodged            |    45 |    33 |    86 ||   164

Table legend: (Time is in decaauts)
 A = Elapsed time spent in this place.
 B = Non-inter-level travel time spent in this place.
 C = Inter-level travel time spent in this place.
 D = Time resting spent in this place.
 E = Time spent auto-exploring this place.
 F = Levels seen in this place.
 G = Mean time per level.
                   A        B        C        D        E       F      G
               +--------+--------+--------+--------+--------+-----+--------+
         Total |   6507 |   6318 |    189 |    628 |   4109 |   7 |  929.6 |
       Dungeon |   6136 |   5947 |    189 |    628 |   3883 |   6 | 1022.7 |
       Ossuary |    370 |    370 |      0 |      0 |    226 |   1 |  370.0 |
               +--------+--------+--------+--------+--------+-----+--------+

Top non-repeatable levels by time:
     D:1: 1635 daAuts
     D:2: 1555 daAuts
     D:5: 1194 daAuts
     D:3: 982 daAuts
     D:4: 734 daAuts
 Ossuary: 370 daAuts
     D:6: 34 daAuts
